 Dungeon Crawl Stone Soup version 0.28.0-62-gf88900778d (webtiles) character file.

Game seed: 2728634377481390990

1029 cbfl8 the Chopper (level 8, -1/61 HPs)
             Began as a Minotaur Fighter on Aug 30, 2023.
             Was a Follower of Hepliaklqana.
             Killed from afar by a gargoyle (27 damage)
             ... with a stone arrow
             ... on level 6 of the Dungeon.
             The game lasted 00:04:58 (5263 turns).

cbfl8 the Chopper (Minotaur Fighter)                Turns: 5263, Time: 00:04:58

Health: -1/61      AC: 14    Str: 20    XL:     8   Next: 3%
Magic:  7/7        EV: 10    Int:  5    God:    Hepliaklqana [*.....]
Gold:   251        SH:  9    Dex: 13    Spells: 7/7 levels left

rFire   . . .      SeeInvis .   a - +0 war axe
rCold   . . .      Faith    .   p - +0 kite shield {AC+3}
rNeg    . . .      Spirit   .   e - +0 chain mail
rPois   .          Reflect  .   (helmet restricted)
rElec   .          Harm     .   (no cloak)
rCorr   +          Rampage  .   (no gloves)
Will    .....                   t - +0 pair of boots
Stlth   ..........              (no amulet)
HPRegen 0.20/turn               h - ring of resist corrosion
MPRegen 0.10/turn               g - +4 ring of evasion

@: mighty, studying Necromancy
A: reduced essence, horns 2, retaliatory headbutt
a: Renounce Religion, Recall Ancestor, Ancestor Identity


You were on level 6 of the Dungeon.
You worshipped Hepliaklqana.
Hepliaklqana was aware of your devotion.
You visited 2 branches of the dungeon, and saw 7 of its levels.

You collected 251 gold pieces.

Inventory:

Hand Weapons
 a - a +0 war axe (weapon)
Armour
 e - a +0 chain mail (worn)
 p - a +0 kite shield of protection (worn)
 t - a +0 pair of boots (worn)
Jewellery
 g - a +4 ring of evasion (right hand)
 h - a ring of resist corrosion (left hand)
Wands
 s - a wand of flame (17)
 v - a wand of paralysis (8)
 x - a wand of iceblast (11)
Scrolls
 b - a scroll of teleportation {unknown}
 i - 2 scrolls of identify {unknown}
 k - a scroll of blinking {unknown}
 l - a scroll of magic mapping {unknown}
 n - a scroll of fog
 o - a scroll of fear {unknown}
 q - 2 scrolls of vulnerability {unknown}
 w - a scroll of amnesia {unknown}
 y - a scroll of immolation {unknown}
 z - a scroll of acquirement {unknown}
Potions
 c - a potion of haste {unknown}
 d - a potion of might
 f - 2 potions of ambrosia {unknown}
 j - a potion of heal wounds {unknown}
 m - 2 potions of berserk rage {unknown}
 r - a potion of attraction {unknown}
 u - a potion of mutation {unknown}


   Skills:
 + Level 5.3 Fighting
 + Level 6.6 Axes
 + Level 6.3 Armour
 - Level 0.1 Stealth
 + Level 6.0 Shields
 * Level 3.1 Evocations


You had 7 spell levels left.
You didn't know any spells.
Your spell library contained the following spells:

 Spells                   Type           Power      Damage    Failure   Level
 Summon Small Mammal      Summ           0%         N/A       100%        1
 Call Canine Familiar     Summ           0%         N/A       100%        3
 Confusing Touch          Hex            0%         N/A       100%        3
 Summon Guardian Golem    Hex/Summ       0%         N/A       100%        3
 Yara's Violent Unravell  Hex/Tmut       0%         3d3       100%        5
 Enfeeble                 Hex            0%         N/A       100%        7


Dungeon Overview and Level Annotations

Branches:
Dungeon (6/15)             Temple (1/1) D:5

Altars:
Ashenzari
Cheibriados
Dithmenos
Fedhas
Gozag
Hepliaklqana
Kikubaaqudgha
Makhleb
Nemelex Xobeh
Okawaru
Ru
Sif Muna
Trog
Vehumet
Wu Jian
Xom
Yredelemnul
Zin
The Shining One

Shops:
D:1 (


Innate Abilities, Weirdness & Mutations

Your life essence is reduced to manifest your ancestor. (-10% HP)
You have a pair of horns on your head.
You reflexively headbutt those who attack you in melee.


Message History

You headbutt the gargoyle, but do no damage.
The gargoyle is lightly damaged.
The gargoyle hits you with a +0 mace! x2
A gargoyle is nearby!
You hit the gargoyle.
The gargoyle is moderately damaged.
Henutemipet closely misses the gargoyle.
The gargoyle hits you with a +0 mace.
You hit the gargoyle.
The gargoyle is moderately damaged.
Henutemipet barely misses the gargoyle.
The gargoyle hits you with a +0 mace.
Henutemipet hits the gargoyle but does no damage.
You hit the gargoyle but do no damage.
The gargoyle is moderately damaged.
The gargoyle hits you but does no damage.
Henutemipet hits the gargoyle.
The gargoyle hurls a stone arrow at you.
The stone arrow hits you!
Unknown command.
You are too injured to fight recklessly!
Unknown command.
You are too injured to fight recklessly!
Unknown command.
Unknown command.
You are too injured to fight recklessly!
You hit the gargoyle but do no damage. Your headbutt misses the gargoyle.
The gargoyle is heavily damaged.
Henutemipet hits the gargoyle but does no damage.
The gargoyle hits you but does no damage.
You hit the gargoyle.
You headbutt the gargoyle, but do no damage.
The gargoyle is heavily damaged.
Henutemipet hits the gargoyle but does no damage.
The gargoyle barely misses you. You furiously retaliate!
You headbutt the gargoyle, but do no damage.
Henutemipet hits the gargoyle but does no damage.
You feel very mighty all of a sudden.
The gargoyle hurls a stone arrow at you.
The stone arrow hits you!!
You die...

##............##............
#.............#..........#.
####..........#.............
..............##...........#
## #.....<.................#
#........................
#..................<.
##...................
#####...........@9......
..............#.R......#
..(#..........#........#
..##..........#>..(.....
.###.....[....#......!.. .#
#..........#.........
.####........###.#####..
....).......## #.# .#
#######..#.###


You could see the friendly Henutemipet the ancestor and a gargoyle (ally
target).

Vanquished Creatures
  2 centaurs (D:4)
  3 phantoms (D:5)
  Blork the orc (D:6)
  3 scorpions
  A bullfrog zombie (D:5)
  A centaur skeleton (D:4)
  4 hounds
  An orc priest (D:6)
  An iguana (D:4)
  Terence (D:3)
  A hound zombie (D:5)
  A hound skeleton (D:4)
  A howler monkey skeleton (D:5)
  3 adders
  2 ufetubi
  A worm (D:3)
  A dart slug (D:4)
  8 orcs (D:6)
  8 ball pythons
  6 bats
  5 endoplasms
  2 giant cockroaches
  4 goblins
  3 hobgoblins
  9 jackals
  4 kobolds
  4 quokkas
  3 frilled lizards (D:1)
  2 rats
86 creatures vanquished.

Vanquished Creatures (others)
  A plant (D:5)
1 creature vanquished.

Grand Total: 87 creatures vanquished

Notes
Turn   | Place    | Note
-------+----------+-------------------------------------------
     0 | D:1      | cbfl8 the Minotaur Fighter began the quest for the Orb.
     0 | D:1      | Reached XP level 1. HP: 19/19 MP: 0/0
    22 | D:1      | Found Hyegeul's Weapon Emporium.
   278 | D:1      | Reached XP level 2. HP: 25/27 MP: 1/1
   695 | D:2      | Found a faded altar of an unknown god.
  1195 | D:2      | Reached XP level 3. HP: 32/33 MP: 2/2
  1520 | D:3      | Found a snail-covered altar of Cheibriados.
  2113 | D:3      | Noticed Terence
  2130 | D:3      | Killed Terence
  2131 | D:3      | Reached XP level 4. HP: 31/40 MP: 3/3
  2514 | D:4      | Reached XP level 5. HP: 46/47 MP: 4/4
  2559 | D:4      | Reached skill level 1 in Evocations
  3201 | D:4      | Noticed a centaur
  3202 | D:4      | Noticed a centaur
  3206 | D:4      | Killed a centaur
  3207 | D:4      | Reached skill level 5 in Armour
  3207 | D:4      | Reached XP level 6. HP: 36/53 MP: 5/5
  3212 | D:4      | Reached skill level 5 in Shields
  3464 | D:5      | Entered Level 5 of the Dungeon
  3464 | D:5      | Found a staircase to the Ecumenical Temple.
  3473 | D:5      | Reached skill level 5 in Axes
  3484 | Temple   | Entered the Ecumenical Temple
  3591 | Temple   | Became a worshipper of Hepliaklqana the Forgotten
  3618 | D:5      | Reached XP level 7. HP: 38/60 MP: 6/6
  3900 | D:5      | Reached skill level 5 in Fighting
  4368 | D:6      | Noticed Blork the orc
  4795 | D:6      | Killed Blork the orc
  5005 | D:6      | Reached XP level 8. HP: 56/68 MP: 7/7
  5229 | D:6      | Reached * piety under Hepliaklqana
  5254 | D:6      | Noticed a gargoyle
  5263 | D:6      | Killed from afar by a gargoyle

Illustrated notes

Levels and vault maps discovered:
D:1:      dpeg_arrival_lava_temple_mockup, layout_rooms, serial_shops,
          nicolae_shop_waterfront, st_stairs_2, minmay_liquid_box,
          chequers_serial_rivers_large_a
D:2:      minmay_wonky_spiral, layout_basic,
          hellmonk_ecumenical_altar_pennies_from_heaven,
          chequers_serial_rivers_room_b
D:3:      layout_basic, lemuel_crystal_altar, minmay_hedge_maze,
          minmay_statues_item, uniq_terence
D:4:      layout_basic, minmay_manual_mares
D:5:      layout_rooms, minmay_temple_entry_arrows, wad_woods_river_04
D:6:      layout_rooms, uniq_blork_the_orc, uniq_prince_ribbit1
Temple:   mainiacjoe_temple_coin_purse

Skill      XL: |  1  2  3  4  5  6  7 |
---------------+----------------------+-----
Shields        | 4 5 6 |  6.0
Fighting       | 4 5 |  5.3
Armour         | 4 5 6 |  6.3
Axes           | 3 4 5 6 |  6.6
Evocations     | 1 2 3 |  3.1
Stealth        | |  0.1

Action                   |  1- 3 |  4- 6 |  7- 9 || total
-------------------------+-------+-------+-------++-------
Melee: War axe           |    85 |    55 |    94 ||   234
       Headbutt          |     9 |    10 |    21 ||    40
  Use: Scroll            |     1 |     1 |       ||     2
       Potion            |       |       |     6 ||     6
Armor: Scale mail        |     2 |       |       ||     2
       Chain mail        |    41 |    44 |    75 ||   160
Dodge: Dodged            |    32 |    28 |    44 ||   104
Block: Buckler           |     7 |       |       ||     7
       Kite shield       |    26 |    39 |    63 ||   128
